 Dungeon Crawl Stone Soup version 0.30.0-29-ga12c61a403 (webtiles) character file.

Game seed: 13806209226716642090

151 Peloso the Covered (level 5, -3/47 HPs)
             Began as a Minotaur Fighter on June 23, 2023.
             Killed from afar by Sigmund (5 damage)
             ... with a magic dart
             ... on level 3 of the Dungeon.
             The game lasted 00:03:19 (2711 turns).

Peloso the Covered (Minotaur Fighter)               Turns: 2711, Time: 00:03:19

Health: -3/47      AC:  4    Str: 21    XL:     5   Next: 11%
Magic:  4/4        EV:  9    Int:  5    God:
Gold:   179        SH:  4    Dex:  9    Spells: 4/4 levels left

rFire   . . .        a - +0 long sword
rCold   . . .        c - +0 buckler
rNeg    . . .        b - +0 scale mail
rPois   .            (helmet restricted)
rElec   .            (no cloak)
rCorr   .            (no gloves)
SInv    .            (no boots)
Will    .....        (no amulet) Stlth
                     (no ring)
HPRegen 0.27/turn    (no ring)
MPRegen 0.09/turn

%: no passive effects
@: no status effects
A: horns 2, retaliatory headbutt, clumsy 1, deformed body, mutation resistance 1
a: no special abilities


You were on level 3 of the Dungeon.
You visited 1 branch of the dungeon, and saw 3 of its levels.

You collected 179 gold pieces.

Inventory:

Hand Weapons
 a - a +0 long sword (weapon)
Armour
 b - a +0 scale mail (worn)
 c - a +0 buckler (worn)
Scrolls
 e - a scroll of fear {unknown}
 f - a scroll of teleportation {unknown}
 g - a scroll of identify {unknown}
 h - a scroll of acquirement {unknown}
 i - a scroll of noise {unknown}
 j - a scroll of vulnerability {unknown}
 k - a scroll of blinking {unknown}
 l - 2 scrolls of butterflies {unknown}
 n - a scroll of enchant armour {unknown}
 o - a scroll of magic mapping {unknown}
 p - a scroll of fog {unknown}
Potions
 d - 3 potions of might


   Skills:
 + Level 4.4 Fighting
 + Level 3.8 Long Blades
 + Level 5.3 Armour
 + Level 1.0 Dodging
 + Level 3.9 Shields


You had 4 spell levels left.
You didn't know any spells.
Your spell library contained the following spells:

 Spells                   Type           Power      Damage    Failure   Level
 Magic Dart               Conj           0%         1d3       86%         1
 Searing Ray              Conj           0%         2d4       95%         2
 Fulminant Prism          Conj/Hex       0%         3d5       100%        4


Dungeon Overview and Level Annotations

Branches:
Dungeon (3/15)

Altars:

Shops:
D:3 =

Annotations:
D:3 Sigmund


Innate Abilities, Weirdness & Mutations

You have a pair of horns on your head.
You reflexively headbutt those who attack you in melee.
You are clumsy. (Dex -2)
Armour fits poorly on your strangely shaped body.
You are somewhat resistant to further mutation.


Message History

You barely miss something.
You hear some strange, mumbled words.
Something tries to affect you, but you resist.
You hit something. Something hits you but does no damage.
You closely miss something. Something hits you.
You closely miss something. Your headbutt misses something. Something hits you.
You hit something but do no damage. Your headbutt misses something.
You block something's attack.
You miss something. Your headbutt misses something.
You hit something but do no damage. Your headbutt misses something.
Something hits you!
You miss something. Something hits you.
You barely miss something. Your headbutt misses something. Something hits you!
You hit something but do no damage. You headbutt something.
You hear some strange, mumbled words.
A puff of flame appears from out of thin air!
The puff of flame misses you.
You miss something. You headbutt something.
You hear some strange, mumbled words.
Something tries to affect you, but you resist.
You closely miss something. Something hits you!
* * * LOW HITPOINT WARNING * * *
You hit something. Something hits you.
* * * LOW HITPOINT WARNING * * *
You barely miss something. Something hits you.
* * * LOW HITPOINT WARNING * * *
You completely miss something. You hit something. You headbutt something.
Something hits you.
* * * LOW HITPOINT WARNING * * *
It was a potion of mutation.
You feel extremely strange.
Your body twists and deforms.
You feel clumsy.
You feel genetically stable.
You hear some strange, mumbled words.
A puff of flame appears from out of thin air!
The puff of flame hits you.
* * * LOW HITPOINT WARNING * * *
You closely miss something.
You hear some strange, mumbled words.
A magic dart appears from out of thin air!
The magic dart hits you.
You die...

##############
#.............
#.##########.#
#.# #.# #.# #.#
#.# #.# ##### #.#
#.#
......######.####
#.#
......'{@......>#
#.#
.....[#########.#
#.# ..... #.# #.#
.... #.# #.# .$S
####.#######.# ..
#............# .
#.##.#########
#.##.# #.##.#


There were no monsters in sight!

Vanquished Creatures
  A scorpion (D:3)
  3 adders
  An ufetubus (D:3)
  A worm (D:3)
  A dart slug (D:2)
  5 orcs (D:3)
  6 bats
  6 endoplasms
  3 giant cockroaches
  A goblin (D:1)
  6 hobgoblins
  4 quokkas
  3 ball pythons
  3 frilled lizards
  5 kobolds
  2 rats (D:2)
51 creatures vanquished.

Notes
Turn   | Place    | Note
-------+----------+-------------------------------------------
     0 | D:1      | Peloso the Minotaur Fighter began the quest for the Orb.
     0 | D:1      | Reached XP level 1. HP: 19/19 MP: 0/0
   495 | D:1      | Reached XP level 2. HP: 26/27 MP: 1/1
   555 | D:1      | You fall into a shaft and drop 1 floor!
   891 | D:2      | Reached skill level 4 in Armour
  1142 | D:2      | Reached XP level 3. HP: 33/33 MP: 2/2
  1713 | D:1      | Found a faded altar of an unknown god.
  2017 | D:3      | Identified the +6 leather armour "Disiq" {Rampage *Corrode
                  | MP+9 Dex+2}
  2313 | D:3      | Found Zauwalor's Jewellery Emporium.
  2323 | D:3      | Reached skill level 5 in Armour
  2323 | D:3      | Reached XP level 4. HP: 40/40 MP: 3/3
  2683 | D:3      | Noticed Sigmund
  2683 | D:3      | Noticed a scorpion
  2689 | D:3      | Killed a scorpion
  2690 | D:3      | Reached skill level 1 in Dodging
  2690 | D:3      | Reached XP level 5. HP: 47/47 MP: 4/4
  2710 | D:3      | Gained mutation: Armour fits poorly on your strangely
                  | shaped body. [potion of mutation]
  2710 | D:3      | Gained mutation: You are clumsy. (Dex -2) [potion of
                  | mutation]
  2710 | D:3      | Gained mutation: You are somewhat resistant to further
                  | mutation. [potion of mutation]
  2710 | D:3      | HP: 2/47 [something/puff of flame (3)]
  2711 | D:3      | Killed from afar by Sigmund

Illustrated notes

Levels and vault maps discovered:
D:1:      sevenhm_arrival_forest_fort_large_2, layout_basic,
          hellmonk_ecumenical_altar_lost_god
D:2:      layout_basic, st_stairs_6
D:3:      layout_basic, serial_shops, shop, uniq_sigmund

Skill      XL: |  1  2  3  4 |
---------------+-------------+-----
Fighting       | 4 |  4.4
Armour         | 4 5 |  5.3
Long Blades    | 3 |  3.8
Dodging        | 1 |  1.0
Shields        | |  3.9

Action                     |  1- 3 |  4- 6 || total
---------------------------+-------+-------++-------
  Melee: Long sword        |    89 |    36 ||   125
         Headbutt          |    13 |     6 ||    19
    Use: Potion            |     4 |     1 ||     5
 Armour: Scale mail        |    31 |     5 ||    36
  Dodge: Dodged            |    37 |    11 ||    48
  Block: Buckler           |    16 |     3 ||    19
